 Dungeon Crawl Stone Soup version 0.18.1-48-g4cf74bf (webtiles) character file.

297 PossumBlood the Archer (level 6, -1/39 HPs)
             Began as a High Elf Hunter on Aug 14, 2016.
             Slain by Duvessa
             ... wielding a +6 short sword
              (17 damage)
             ... on level 4 of the Dungeon.
             The game lasted 00:11:31 (2828 turns).

PossumBlood the Archer (High Elf Hunter)            Turns: 2828, Time: 00:11:31

Health: -1/39      AC:  4    Str: 11    XL:     6   Next: 12%
Magic:  7/7        EV: 12    Int: 15    God:
Gold:   180        SH:  0    Dex: 18    Spells: 0 memorised, 5 levels left

rFire  . . .     SeeInvis .     a - +2 shortbow
rCold  . . .     Gourm    .     c - +0 leather armour
rNeg   + + .     Faith    .     (shield currently unavailable)
rPois  .         Spirit   .     u - +0 helmet
rElec  .         Dismiss  .     (no cloak)
rCorr  .         Reflect  .     (no gloves)
SustAt .         Harm     .     (no boots)
MR     .....                    (no amulet)
Stlth  ++........               v - ring of positive energy
                                p - ring of positive energy

@: not resistant to hostile enchantments, unstealthy
A: no striking features
a: no special abilities


You were on level 4 of the Dungeon.
You were not hungry.

You visited 1 branch of the dungeon, and saw 4 of its levels.

You collected 180 gold pieces.

Inventory:

Hand Weapons
 a - a +2 shortbow (weapon)
 b - a +0 short sword
Missiles
 d - 4 arrows (quivered)
Armour
 c - a +0 leather armour (worn)
 u - a +0 helmet (worn)
Jewellery
 p - a ring of positive energy (left hand)
 v - a ring of positive energy (right hand)
Wands
 g - a wand of flame (24/48)
Scrolls
 e - a scroll of immolation {unknown}
 h - a scroll of remove curse
 l - 2 scrolls of teleportation
Potions
 i - a potion of curing
 k - a potion of lignification {unknown}
 o - a potion of might {unknown}
 r - a potion of agility {unknown}
 s - a potion of degeneration {unknown}
 t - 2 potions of resistance
 w - 4 potions of brilliance
 z - 2 potions of cancellation
 B - a potion of berserk rage
 D - a potion of heal wounds {unknown}
 E - a potion of invisibility {unknown}
Comestibles
 q - a beef jerky
 x - 2 meat rations
 A - a bread ration
 C - 2 slices of pizza


   Skills:
 - Level 2.0 Fighting
 * Level 9.7 Bows
 - Level 2.1 Dodging
 - Level 1.1 Stealth


You had 5 spell levels left.
You didn't know any spells.

Dungeon Overview and Level Annotations

Branches:
Dungeon (4/15)
 Temple: D:4-7

Altars:

Annotations:
D:4 Duvessa


Message History

Aim: Duvessa, wielding an enchanted short sword (lightly wounded, berserk, fast, unusually strong)
You shoot an arrow. The arrow barely misses Duvessa.
Duvessa hits you with an enchanted short sword!
Firing (i - inventory):
d - 5 arrows (quivered)
Press: ? - help, Shift-Dir - straight line, f/p - Duvessa
Aim: Duvessa, wielding an enchanted short sword (lightly wounded, berserk, fast, unusually strong)
You shoot an arrow. The arrow barely misses Duvessa.
Duvessa hits you with an enchanted short sword.
Duvessa hits you with an enchanted short sword!
* * * LOW HITPOINT WARNING * * *
You are too injured to fight recklessly!
You are too injured to fight recklessly!
You are too injured to fight recklessly!
You are too injured to fight recklessly!
You are too injured to fight recklessly!
You are too injured to fight recklessly!
Drink which item? (? for menu, Esc to quit)
You feel better.
Duvessa hits you with an enchanted short sword!
You die...

#........#.##.##
#........#.##.##
#........#.....#
#........####..#
................#
##..............#
#...(..........# (
#..............####..((
#..............@e..)(#
#.............##.......
#.............# .###.##
.############.# .# #.#
.# #.# .# #.# .# .#


You could see Duvessa (berserk).

Vanquished Creatures
  Dowan (D:4)
  A giant frog skeleton (D:3)
  2 worker ants (D:4)
  6 adders
  3 gnolls (D:3)
  An adder skeleton (D:4)
  5 dart slugs
  4 giant geckos (D:3)
  3 orcs (D:3)
  A ball python (D:3)
  5 bats
  7 giant cockroaches
  4 goblins
  7 hobgoblins
  2 quokkas
  6 giant newts
  9 kobolds
  12 rats
79 creatures vanquished.

Notes
Turn   | Place    | Note
--------------------------------------------------------------
     0 | D:1      | PossumBlood the High Elf Hunter began the quest for the Orb.
     0 | D:1      | Reached XP level 1. HP: 14/14 MP: 2/2
   139 | D:1      | You fall through a shaft!
   179 | D:2      | Reached skill level 6 in Bows
   179 | D:2      | Reached XP level 2. HP: 19/19 MP: 3/3
   376 | D:1      | Reached XP level 3. HP: 24/24 MP: 4/4
   783 | D:1      | Reached skill level 7 in Bows
  1321 | D:2      | Reached XP level 4. HP: 28/29 MP: 5/5
  1724 | D:3      | Reached skill level 8 in Bows
  1764 | D:3      | Found a faded altar to an unknown god.
  1802 | D:3      | Reached XP level 5. HP: 34/34 MP: 6/6
  2590 | D:4      | Reached skill level 9 in Bows
  2816 | D:4      | Noticed Dowan
  2821 | D:4      | Noticed Duvessa
  2821 | D:4      | Killed Dowan
  2821 | D:4      | Reached XP level 6. HP: 32/39 MP: 7/7
  2828 | D:4      | Slain by Duvessa

Skill      XL: |  1  2  3  4  5 |
---------------+----------------+-----
Bows           | 6 7 8 9 |  9.7
Fighting       | |  2.0
Dodging        | |  2.1
Stealth        | |  1.1

Action                   |  1- 3 |  4- 6 || total
-------------------------+-------+-------++-------
Melee: Short sword       |       |    21 ||    21
 Fire: Shortbow          |   113 |   122 ||   235
  Use: Scroll            |       |    12 ||    12
       Potion            |       |     1 ||     1
 Stab: Sleeping          |       |     1 ||     1
  Eat: Fruit             |     1 |     1 ||     2
       Bread ration      |       |     1 ||     1
Armor: Leather armour    |    11 |     3 ||    14
Dodge: Dodged            |    30 |    33 ||    63
